 Dungeon Crawl Stone Soup version 0.23.2-40-g277498a001 (webtiles) character file.

Game seed: 8386917041225821864

426 H0rd4k the Charlatan (level 7, -1/50 HPs)
             Began as a Human Artificer on Aug 28, 2019.
             Slain by a worker ant (4 damage)
             ... on level 4 of the Dungeon.
             The game lasted 00:07:52 (4627 turns).

H0rd4k the Charlatan (Human Artificer)              Turns: 4627, Time: 00:07:52

Health: -1/50      AC:  4    Str: 19    XL:     7   Next: 18%
Magic:  10/10      EV: 18    Int: 11    God:
Gold:   221        SH:  0    Dex: 19    Spells: 6/6 levels left

rFire    . . .     SeeInvis .   a - +0 short sword
rCold    . . .     Gourm    .   (no shield)
rNeg     . . .     Faith    .   b - +0 leather armour
rPois    .         Spirit   .   (no helmet)
rElec    .         Reflect  .   (no cloak)
rCorr    .         Harm     .   m - +0 pair of gloves
MR       .....                  (no boots)
Stlth    +++.......             (no amulet)
HPRegen  0.16/turn              (no ring)
MPRegen  0.12/turn              (no ring)

@: mighty, agile, lethally poisoned (-1 -> -21)
A: no striking features
a: no special abilities


You were on level 4 of the Dungeon.
You were not hungry.

You visited 1 branch of the dungeon, and saw 4 of its levels.

You collected 221 gold pieces.

Inventory:

Hand Weapons
 a - a +0 short sword (weapon)
Missiles
 w - 6 tomahawks (quivered)
Armour
 b - a +0 leather armour (worn)
 m - a +0 pair of gloves (worn)
Jewellery
 r - an uncursed ring of poison resistance {unknown}
 v - a +6 ring of strength {unknown}
Wands
 c - a wand of iceblast (11)
 d - a wand of enslavement (14)
 y - a wand of clouds (3)
Scrolls
 g - a scroll of noise {unknown}
 h - 3 scrolls of blinking {unknown}
 i - 2 scrolls of enchant armour {unknown}
 k - 3 scrolls of teleportation {unknown}
 o - 3 scrolls of enchant weapon {unknown}
 p - a scroll of remove curse {unknown}
 q - 3 scrolls of fear {unknown}
 s - 2 scrolls of identify {unknown}
 u - a scroll of fog {unknown}
Potions
 j - a potion of brilliance {unknown}
 l - 2 potions of agility
 n - 2 potions of lignification {unknown}
 t - 2 potions of heal wounds {unknown}
 x - a potion of mutation {unknown}
 z - a potion of degeneration {unknown}
Comestibles
 f - 9 rations


   Skills:
 + Level 2.2 Fighting
 + Level 4.1 Short Blades
 + Level 2.4 Armour
 + Level 3.1 Dodging
 + Level 2.0 Stealth
 + Level 4.2 Evocations


You had 6 spell levels left.
You didn't know any spells.
Your spell library was empty.

Dungeon Overview and Level Annotations

Branches:
Dungeon (4/15)
 Temple: D:4-7

Altars:
Fedhas

Annotations:
D:2 Terence
D:3 exclusions: downstairs and upstairs


Message History

You hit the worker ant.
The worker ant is moderately wounded.
* * * LOW HITPOINT WARNING * * *
You feel sick. The worker ant barely misses you.
It was a potion of might.
You feel very mighty all of a sudden.
* * * LOW HITPOINT WARNING * * *
You feel sick. The worker ant bites you.
* * * LOW HITPOINT WARNING * * *
You are more poisoned.
The worker ant poisons you!
You barely miss the worker ant.
The worker ant is moderately wounded.
* * * LOW HITPOINT WARNING * * *
You feel sick. The worker ant misses you.
It was a potion of agility.
You feel agile all of a sudden.
* * * LOW HITPOINT WARNING * * *
You feel sick. The worker ant bites you.
You die...

#######.#######..########
#..........# #..#....#.######
#..........# #.....#.#.......
#...†......# #...###.#.######
#..........# #.......#.### #
#..........## #....####.#.####
#######'#...# #...............
#######....#...###...#####.#.####
................@a...###..(#.# #
.######.####...###.<.........# #
.# #........# #...........# #
.##########.#### #...........# #
............# ##..........# #
.############ #####.########.
.### #........## ...# ###.#..#.+
...# #......#


You could see a worker ant.

Vanquished Creatures
  An ogre (D:4)
  A scorpion (D:4)
  A howler monkey (D:4)
  A bullfrog skeleton (D:4)
  A hound (D:4)
  An orc wizard (D:4)
  6 adders
  An ooze (D:2)
  3 worms
  A dart slug (D:1)
  6 leopard geckos
  11 orcs
  2 ball pythons (D:1)
  9 bats
  A giant cockroach (D:4)
  6 goblins
  7 hobgoblins
  8 jackals
  4 quokkas
  7 frilled lizards
  6 kobolds
  A quokka skeleton (D:4)
  7 rats
92 creatures vanquished.

Vanquished Creatures (others)
  A frilled lizard (D:4)
1 creature vanquished.

Grand Total: 93 creatures vanquished

Notes
Turn   | Place    | Note
-------+----------+-------------------------------------------
     0 | D:1      | H0rd4k the Human Artificer began the quest for the Orb.
     0 | D:1      | Reached XP level 1. HP: 15/15 MP: 3/3
   126 | D:1      | Reached XP level 2. HP: 14/21 MP: 4/4
   417 | D:1      | Reached XP level 3. HP: 5/26 MP: 5/5
  1527 | D:2      | Reached skill level 1 in Armour
  1527 | D:2      | Reached XP level 4. HP: 29/32 MP: 6/6
  1813 | D:2      | Found a blossoming altar of Fedhas.
  2026 | D:2      | Noticed Terence
  2386 | D:3      | Reached XP level 5. HP: 26/37 MP: 7/7
  3218 | D:4      | Noticed an ogre
  3232 | D:4      | Killed an ogre
  3232 | D:4      | Reached XP level 6. HP: 37/44 MP: 9/9
  4169 | D:4      | Reached XP level 7. HP: 33/50 MP: 10/10
  4627 | D:4      | Slain by a worker ant

Skill      XL: |  1  2  3  4  5  6  7 |
---------------+----------------------+-----
Armour         | 1 2 |  2.4
Short Blades   | 3 4 |  4.1
Evocations     | 4 |  4.2
Fighting       | 2 |  2.2
Dodging        | 3 |  3.1
Stealth        | 2 |  2.0

Action                   |  1- 3 |  4- 6 |  7- 9 || total
-------------------------+-------+-------+-------++-------
Melee: Short sword       |   144 |   235 |    59 ||   438
Evoke: Wand              |     2 |    29 |     1 ||    32
  Use: Potion            |       |       |     2 ||     2
 Stab: Sleeping          |     1 |       |       ||     1
       Paralysed         |       |     3 |       ||     3
  Eat: Chunk             |     2 |     9 |     1 ||    12
Armor: Leather armour    |    49 |    47 |     6 ||   102
Dodge: Dodged            |   120 |   158 |    34 ||   312
